 Dungeon Crawl Stone Soup version 0.18-a0-1628-g61c6396 (webtiles) character file.

254 dohliylev the Covert (level 5, -4/39 HPs)
             Began as a Vampire Assassin on Mar 25, 2016.
             Killed from afar by an orc wizard (8 damage)
             ... with a magic dart
             ... on level 4 of the Dungeon.
             The game lasted 00:20:24 (2900 turns).

dohliylev the Covert (Vampire Assassin)             Turns: 2900, Time: 00:20:25

Health: -4/39      AC:  4    Str: 10    XL:     5   Next: 91%
Magic:  5/5        EV: 18    Int: 13    God:
Gold:   133        SH:  0    Dex: 17    Spells: 0 memorised, 4 levels left

rFire  . . .     SeeInvis +     A - -3 dagger (curse)
rCold  . . .     Gourm    .     n - +0 robe
rNeg   + . .     Faith    .     (no shield)
rPois  .         Spirit   .     (no helmet)
rElec  .         Dismiss  .     d - +1 cloak
rCorr  .         Reflect  .     (no gloves)
SustAt .         Harm     .     (no boots)
MR     .....                    (no amulet)
Stlth  +++++.....               s - +4 ring of evasion
                                k - ring of positive energy

@: regenerating quickly, not resistant to hostile enchantments, quite stealthy
A: fangs 3, see invisible, unbreathing
a: no special abilities


You were on level 4 of the Dungeon.
You were very full.

You visited 1 branch of the dungeon, and saw 4 of its levels.

You collected 133 gold pieces.

Inventory:

Hand Weapons
 a - a +2 dagger
 b - a +0 blowgun
 j - a +0 short sword of venom
 A - a cursed -3 dagger (weapon)
Missiles
 e - 80 poisoned needles
 f - 2 curare-tipped needles
 u - 5 needles of frenzy
Armour
 d - a +1 cloak (worn)
 n - a +0 robe (worn)
Jewellery
 k - a ring of positive energy (left hand)
 q - an uncursed ring of poison resistance
 s - a +4 ring of evasion (right hand)
Scrolls
 c - a scroll of amnesia
 o - a scroll of enchant weapon
 p - 2 scrolls of remove curse {unknown}
 v - a scroll of recharging {unknown}
 x - 2 scrolls of fear
 y - a scroll of enchant armour
Potions
 g - 23 potions of blood
 h - a potion of resistance {unknown}
 i - a potion of heal wounds {unknown}
 l - 3 potions of curing {unknown}
 m - 3 potions of lignification {unknown}
 r - a potion of magic {unknown}
 t - a potion of agility {unknown}
 w - 2 potions of cancellation {unknown}
 z - a potion of mutation {unknown}


   Skills:
 + Level 2.5 Fighting
 + Level 3.1 Short Blades
 + Level 1.9 Throwing
 + Level 3.5 Dodging
 + Level 8.3 Stealth


You had 4 spell levels left.
You didn't know any spells.

Dungeon Overview and Level Annotations

Branches:
Dungeon (4/15)
 Temple: D:4-7

Altars:
Pakellas


Innate Abilities, Weirdness & Mutations

Your natural rate of healing is unusually fast.
You have razor-sharp teeth.
You have supernaturally acute eyesight.
You can survive without breathing.


Message History

* * * LOW HITPOINT WARNING * * *
The orc wizard hits you but does no damage.
You hit the orc wizard but do no damage.
The orc closely misses you.
The orc wizard hits you but does no damage.
You closely miss the orc wizard. The orc wizard closely misses you.
The orc barely misses you. The orc wizard hits you with a dagger.
* * * LOW HITPOINT WARNING * * *
The orc wizard miscasts a cantrip.
You hit the orc wizard.
The orc wizard is lightly wounded.
The orc wizard points at you and mumbles some strange words.
The puff of flame hits you!
* * * LOW HITPOINT WARNING * * *
The orc wizard hits you but does no damage.
The orc wizard casts a spell at you. The puff of flame misses you.
The orc wizard points at you and mumbles some strange words.
The magic dart hits you!
You die...

... #######.......# #.
.. #.........# #. #
#.........# #.
###.##'##############.
#.##................
#.##################
#.#.o.o.............
#.#.####.####.####.#
#.#@# #$# +.+..#o#
#.#.# #o# #)#..#.#
#.#.#+##.#+##.#'##.#
#.#...........o.....
#.#.#'##.#'##.#'##.#
#.#.#.[#.#..#.#..#.#
#.#.#..'.+ .#.#..+.+
#.#.####.####.####.#
#.#.................


You could see an orc wizard (invisible).

Vanquished Creatures
  A centaur skeleton (D:4)
  An orc priest (D:3)
  An iguana (D:4)
  A worker ant (D:4)
  3 adders
  2 oozes (D:3)
  An adder skeleton (D:4)
  2 worms
  A dart slug (D:3)
  4 giant geckos
  14 orcs
  3 ball pythons
  7 bats
  5 giant cockroaches
  7 goblins
  9 hobgoblins
  3 jackals (D:2)
  7 giant newts
  3 kobolds (D:1)
  9 rats
84 creatures vanquished.

Vanquished Creatures (others)
  A sphinx (D:3)
1 creature vanquished.

Grand Total: 85 creatures vanquished

Notes
Turn   | Place    | Note
--------------------------------------------------------------
     0 | D:1      | dohliylev the Vampire Assassin began the quest for the Orb.
     0 | D:1      | Reached XP level 1. HP: 16/16 MP: 1/1
    52 | D:1      | Reached skill level 6 in Stealth
   132 | D:1      | Reached XP level 2. HP: 22/22 MP: 2/2
   266 | D:1      | Reached skill level 7 in Stealth
   465 | D:2      | Reached XP level 3. HP: 27/27 MP: 3/3
  1382 | D:3      | Reached XP level 4. HP: 33/33 MP: 4/4
  1748 | D:3      | Reached skill level 8 in Stealth
  1901 | D:3      | Reached XP level 5. HP: 39/39 MP: 5/5
  2089 | D:3      | Found an oddly glowing altar of Pakellas.
  2090 | D:3      | Noticed a sphinx
  2099 | D:3      | Killed a sphinx
  2515 | D:4      | HP: 1/39 [bat (1)]
  2900 | D:4      | Killed from afar by an orc wizard

Vault maps used:
D:1:      minmay_arrival_open_corners
D:2:      first_bread
D:3:      kennysheep_six_static_rooms, gammafunk_pakellas_spire_experiment
D:4:      minmay_door_path, kennysheep_generic_room_13

Skill      XL: |  1  2  3  4  5 |
---------------+----------------+-----
Stealth        | 6 7 8 |  8.3
Fighting       | 2 |  2.5
Dodging        | 2 3 |  3.5
Short Blades   | 3 |  3.1
Throwing       | |  1.9

Action                   |  1- 3 |  4- 6 || total
-------------------------+-------+-------++-------
Melee: Dagger            |    75 |   238 ||   313
       Short sword       |     1 |       ||     1
 Fire: Blowgun           |     9 |     8 ||    17
 Abil: End Transformatio |       |     1 ||     1
       Bat Form          |       |     1 ||     1
  Use: Scroll            |       |     5 ||     5
       Potion            |       |    10 ||    10
 Stab: Sleeping          |    20 |    12 ||    32
       Distracted        |     1 |       ||     1
